 Dungeon Crawl Stone Soup version 0.31-a0-187-gba352fbbf7 (webtiles) character file.

Game seed: 1577969866682091749

135 qw the Skirmisher (level 4, 0/25 HPs)
             Began as a Deep Elf Hunter on June 22, 2023.
             Slain by a hobgoblin (3 damage)
             ... led by Robin
             ... on level 2 of the Dungeon.
             The game lasted 00:00:34 (1240 turns).

qw the Skirmisher (Deep Elf Hunter)                 Turns: 1240, Time: 00:00:35

Health: 0/25       AC:  5    Str: 10    XL:     4   Next: 97%
Magic:  6/6        EV: 16    Int: 14    God:
Gold:   106        SH:  0    Dex: 18    Spells: 3/3 levels left

rFire   . . .        Y - +0 shortbow
rCold   . . .        (shield currently unavailable)
rNeg    . . .        e - +0 ring mail
rPois   .            (no helmet)
rElec   .            (no cloak)
rCorr   .            (no gloves)
SInv    +            (no boots)
Will    .....        (no amulet)
Stlth   +            g - +5 ring of evasion
HPRegen 0.24/turn    i - ring of see invisible
MPRegen 0.10/turn

%: no passive effects
@: no status effects
A: no striking features
a: no special abilities


You were on level 2 of the Dungeon.
You visited 1 branch of the dungeon, and saw 2 of its levels.

You collected 106 gold pieces.


   Skills:
 - Level 1.5 Fighting
 + Level 8.3 Ranged Weapons
 - Level 2.4 Dodging
 - Level 1.2 Stealth


You had 3 spell levels left.
You didn't know any spells.
Your spell library was empty.

Inventory:

Hand Weapons
 Y - a +0 shortbow (weapon)
Armour
 e - a +0 ring mail (worn)
Jewellery
 g - a +5 ring of evasion (left hand)
 i - a ring of see invisible (right hand)
Scrolls
 a - 2 scrolls of identify
 h - a scroll of enchant armour {unknown}
Potions
 b - 2 potions of brilliance {unknown}
 c - a potion of berserk rage {unknown}
 d - a potion of degeneration {unknown}
 f - a potion of mutation {unknown}

Dungeon Overview and Level Annotations

Branches:
Dungeon (2/15)

Altars:
Qazlal

Annotations:
D:2 Robin


Message History

You shoot an arrow. The arrow hits the goblin.
You kill the goblin!
The goblin hits you but does no damage.
You shoot an arrow. The arrow closely misses the hobgoblin.
The goblin hits you with a +0 dagger. The goblin closely misses you.
Robin roars a battlecry!
The goblins go into a battle-frenzy!
The hobgoblin barely misses you.
The goblin unwields a +0 sling.
The goblin wields a +0 dagger.
The goblin hits you with a +0 dagger.
You shoot an arrow.
The arrow hits the hobgoblin but does no damage.
The goblin hits you with a +0 dagger. The goblin misses you.
The hobgoblin misses you. The goblin hits you but does no damage.
You shoot an arrow. The arrow barely misses the hobgoblin.
The goblin hits you but does no damage.
The hobgoblin hits you but does no damage.
The hobgoblin misses you. The goblin hits you with a +0 dagger.
The goblin misses you. Robin throws the goblin at you!
The goblin barely misses you. The goblin hits you with a +0 dagger.
The hobgoblin closely misses you. The hobgoblin hits you.
The goblin closely misses you.
You shoot an arrow. The arrow closely misses the goblin.
The goblin misses you. The goblin hits you with a +0 dagger.
The goblin hits you but does no damage. The goblin hits you with a +0 club.
The hobgoblin closely misses you. The hobgoblin barely misses you.
You shoot an arrow. The arrow hits the goblin!
You kill the goblin!
The goblin completely misses you. Robin throws the goblin at you!
The goblin hits you with a +0 dagger. x2; The hobgoblin completely misses you.
The goblin closely misses you. The hobgoblin barely misses you.
You shoot an arrow. The arrow hits the hobgoblin!
You kill the hobgoblin!
The goblin misses you. The hobgoblin closely misses you.
The goblin barely misses you. The goblin closely misses you.
The hobgoblin hits you but does no damage.
The goblin barely misses you.
You shoot an arrow. The arrow hits the goblin!
You kill the goblin!
The goblin hits you but does no damage. The hobgoblin hits you.
You die...

#.....................#
#......#.......###...##
#....#.............###
#....##..).....#####
#..............#
.#.....)........########
................#.......
......gg%#..............
..)..gg@)...........####
......gg###.##.####.# #
.......## #.##..###.####
.##...# #.###...#.....
#.## ##.#####.....## #.
#.............. .
#.#......#..##. #
#.####.####<...
#####.###..# ###..


You could see Robin, 2 hobgoblins and 3 goblins.

Vanquished Creatures
  Natasha (twice) (D:2)
  4 adders
  A dart slug (D:1)
  5 ball pythons
  An endoplasm (D:1)
  6 hobgoblins
  2 jackals (D:2)
  3 quokkas (D:1)
  8 bats
  4 frilled lizards
  7 goblins
  3 kobolds
  2 rats
48 creatures vanquished.

Notes
Turn   | Place    | Note
-------+----------+-------------------------------------------
     0 | D:1      | qw the Deep Elf Hunter began the quest for the Orb.
     0 | D:1      | Reached XP level 1. HP: 12/12 MP: 3/3
     0 | D:1      | 0 ||| qw: Version: 0.3-a-9-g12657ce
     0 | D:1      | 0 ||| qw: Game counter: 2010
     0 | D:1      | 0 ||| qw: Always use a shield: true
     0 | D:1      | 0 ||| qw: God list: Okawaru
     0 | D:1      | 0 ||| qw: Allow faded altars: false
     0 | D:1      | 0 ||| qw: Do Orc after D:15 true
     0 | D:1      | 0 ||| qw: Do second Lair branch before Depths: true
     0 | D:1      | 0 ||| qw: Lair rune preference: random
     0 | D:1      | 0 ||| qw: Plans: Normal
     0 | D:1      | 0 ||| PLANNING D:1-11
   171 | D:1      | 171 ||| FLEEEEING.
   194 | D:1      | Reached skill level 6 in Ranged Weapons
   194 | D:1      | Reached XP level 2. HP: 16/16 MP: 4/4
   783 | D:1      | 783 ||| UPGRADING to +0 ring mail.
   793 | D:1      | 793 ||| DROPPING +0 leather armour.
   794 | D:1      | 794 ||| UPGRADING to +5 ring of evasion.
   795 | D:1      | 795 ||| UPGRADING to ring of see invisible.
   796 | D:1      | 796 ||| READING 2 scrolls labelled YMIWKA TUGGA.
   797 | D:1      | 797 ||| READING scroll labelled ANIOHE XAARAMO.
   801 | D:1      | 801 ||| DROPPING scroll of butterflies.
   825 | D:2      | 825 ||| STAIRDANCE
   830 | D:1      | Reached XP level 3. HP: 16/20 MP: 5/5
   885 | D:2      | Reached skill level 7 in Ranged Weapons
   930 | D:2      | Noticed Natasha
   936 | D:2      | Killed Natasha
   937 | D:2      | Reached XP level 4. HP: 21/25 MP: 6/6
  1019 | D:2      | Noticed Natasha
  1029 | D:2      | Killed Natasha
  1030 | D:2      | Reached skill level 8 in Ranged Weapons
  1101 | D:2      | Found a stormy altar of Qazlal.
  1232 | D:2      | Noticed Robin
  1237 | D:2      | HP: 6/25 [goblin/+0 club[Robin] (2)]
  1238 | D:2      | HP: 2/25 [goblin/+0 dagger[Robin] (1)]
  1240 | D:2      | Slain by a hobgoblin

Levels and vault maps discovered:
D:1:      eino_arrival_cavern_d, layout_basic
D:2:      layout_rooms, basic_altar, uniq_natasha, uniq_robin

Skill      XL: |  1  2  3  4 |
---------------+-------------+-----
Ranged Weapons | 6 7 8 |  8.3
Fighting       | |  1.5
Dodging        | |  2.4
Stealth        | |  1.2

Action                     |  1- 3 |  4- 6 || total
---------------------------+-------+-------++-------
   Fire: Shortbow          |    85 |    51 ||   136
    Use: Scroll            |     2 |       ||     2
 Armour: Leather armour    |    14 |       ||    14
         Ring mail         |     9 |    12 ||    21
  Dodge: Dodged            |    44 |    33 ||    77

Table legend:
 A = Non-vault XP
 B = Vault XP
 C = Vault XP percentage of total XP
 D = Non-vault monster count
 E = Vault monster count
 F = Vault count percentage of total count
                 A         B        C        D         E       F
            +---------+---------+-------+---------+---------+-------
      Total |     147 |      49 |  25.0 |      40 |       8 |  16.7
            +---------+---------+-------+---------+---------+-------
        D:1 |      50 |       0 |   0.0 |      22 |       0 |   0.0
        D:2 |      97 |      49 |  33.6 |      18 |       8 |  30.8
            +---------+---------+-------+---------+---------+-------
